cohdb
Replays
Latest Replays
All Replays
Popular Replays
Top Player Replays
Match Explorer
How It Works
Community
CoH3 Stats
Reddit
Sign in to upload your games and track your stats! →
Sign in with Steam
Match 43705724
Unlisted
Match 43705724
Overview
Messages
Build Orders
End
Selects Airborne Battlegroup
Selects Heavy Machine Gun Paradrop
Heavy Machine Gun Paradrop
Construct Barracks
Riflemen Squad
Riflemen Squad
Grenade Package
M1 Mortar Team
Mechanized Support Center
Construct Motor Pool
M8 Greyhound Armored Car
Selects Recon Loiter
Selects Paratrooper Squad Paradrop
Recon Loiter
Designate Forward Repair Station
M8 Greyhound Armored Car
Paratrooper Squad Paradrop
Zapata
Diesel
Tankilicious
shane_plyler
Victor
hogarthw
0
0
Comments
sign in to comment!
No comments posted yet!